 Dungeon Crawl Stone Soup version 0.16-a0-3458-g6d2551d (webtiles) character file.

71 stonewall the Skirmisher (level 4, 0/36 HPs)
             Began as a Mummy Arcane Marksman on Jan 1, 2015.
             Slain by a gnoll
             ... wielding a +0 whip
              (8 damage)
             ... on level 2 of the Dungeon.
             The game lasted 00:02:36 (2024 turns).

stonewall the Skirmisher (Mummy Arcane Marksman)    Turns: 2024, Time: 00:02:36

Health: 0/36       AC:  2    Str: 15    XL:     4   Next: 5%
Magic:  5/5        EV: 12    Int: 12    God:
Gold:   72         SH:  0    Dex: 11    Spells: 1 memorised, 4 levels left

rFire  x . .     SeeInvis .     f - +0 whip (venom)
rCold  + . .     Clarity  .     a - +0 robe
rNeg   + + +     SustAb   .     (no shield)
rPois  ∞         Gourm    .     (no helmet)
rElec  .         Spirit   .     (no cloak)
rCorr  .         Warding  .     (no gloves)
rMut   .         Stasis   .     (no boots)
MR     .....                    (no amulet)
Stlth  +.........               i - ring of positive energy
                                g - ring of flight

@: not resistant to hostile enchantments, very unstealthy
A: no food or potions, fire vulnerability, restore body, cold resistance 1,
negative energy resistance 3, poison resistance, torment resistance, unbreathing
a: Evoke Flight


You were on level 2 of the Dungeon.
You were not hungry.

You visited 1 branch of the dungeon, and saw 2 of its levels.

You collected 72 gold pieces.

Inventory:

Hand weapons
 b - a +0 hunting sling
 f - a +0 whip of venom (weapon)
 n - a +0 whip of venom
Missiles
 c - 27 sling bullets
 k - 33 stones (quivered)
 m - 8 exploding sling bullets
Armour
 a - a +0 robe (worn)
Jewellery
 g - a ring of flight (left hand)
 i - a ring of positive energy (right hand)
Scrolls
 l - 2 scrolls of identify
Books
 d - a book of Debilitation

   Spells                             Type                      Level
   a - Corona                         Hexes                        1
   b - Slow                           Hexes                        2
   c - Inner Flame                    Hexes/Fire                   3
   d - Enslavement                    Hexes                        4
   e - Cause Fear                     Hexes                        4
   f - Leda's Liquefaction            Hexes/Earth                  4


   Skills:
 + Level 3.6 Fighting
 - Level 0.8 Maces & Flails
 - Level 1.5 Slings
 - Level 1.5 Dodging
 - Level 1.0 Spellcasting
 - Level 2.6 Hexes


You had 4 spell levels left.
You knew the following spells:

 Your Spells              Type           Power        Failure   Level  Hunger
a - Corona                Hex            #......      12%         1    N/A

Dungeon Overview and Level Annotations

Branches:
Dungeon (2/15)

Altars:
Zin


Innate Abilities, Weirdness & Mutations

You do not eat or drink.
Your flesh is vulnerable to fire.
Your flesh is cold resistant.
You are immune to negative energy.
Your system is resistant to poisons.
You are immune to unholy pain and torment.
You can survive without breathing.


Message History

The gnoll is lightly wounded.
The gnoll hits you with a whip.
* * * LOW HITPOINT WARNING * * *
You barely miss the gnoll.
The gnoll is lightly wounded.
The gnoll misses you.
You barely miss the gnoll.
The gnoll is lightly wounded.
The gnoll hits you with a whip.
* * * LOW HITPOINT WARNING * * *
You hit the gnoll.
The gnoll looks even sicker.
The gnoll is moderately wounded.
The gnoll closely misses you.
You barely miss the gnoll.
The gnoll is moderately wounded.
The gnoll barely misses you.
You barely miss the gnoll.
The gnoll is moderately wounded.
The gnoll hits you with a whip!
You die...

### ..# #.# #.# #.# ####
#.## ########.... #..
...%.......
#g#######.###.....
#########@(....(((((g.....
.#.............#######)....
.....................#.....
##.............#####.#.####
#.............# #.#.....
#.............# #.#..###
#.............# #.##.##
############## #.##..#
########.###.##


You could see a gnoll.

Vanquished Creatures
  2 gnolls (D:2)
  3 worms (D:2)
  A giant gecko (D:2)
  A giant cockroach (D:1)
  5 goblins
  4 hobgoblins
  4 jackals (D:2)
  3 kobolds
  A quokka (D:2)
  2 bats
  3 giant newts
  3 rats
32 creatures vanquished.

Notes
Turn   | Place    | Note
--------------------------------------------------------------
     0 | D:1      | stonewall, the Mummy Arcane Marksman, began the quest for the Orb.
     0 | D:1      | Reached XP level 1. HP: 15/15 MP: 2/2
   323 | D:1      | Reached XP level 2. HP: 18/21 MP: 3/3
   620 | D:2      | Found a glowing silver altar of Zin.
  1032 | D:2      | Reached XP level 3. HP: 18/28 MP: 4/4
  1557 | D:2      | Reached skill level 3 in Fighting
  1989 | D:2      | Reached XP level 4. HP: 12/36 MP: 5/5
  2024 | D:2      | Slain by a gnoll

Action                   |  1- 3 |  4- 6 || total
-------------------------+-------+-------++-------
Melee: Whip              |   105 |    10 ||   115
 Fire: Hunting sling     |     4 |       ||     4
  Use: Scroll            |     4 |       ||     4
